 Dungeon Crawl Stone Soup version 0.27-a0-1188-g73eefd5def (webtiles) character file.

Game seed: 14615432717946956870

107 bande the Shield-Bearer (level 4, -1/29 HPs)
             Began as a Gargoyle Fighter on May 21, 2021.
             Slain by a rat (3 damage)
             ... on level 3 of the Dungeon.
             The game lasted 00:04:02 (2394 turns).

bande the Shield-Bearer (Gargoyle Fighter)          Turns: 2394, Time: 00:04:02

Health: -1/29      AC: 15    Str: 20    XL:     4   Next: 85%
Magic:  4/4        EV:  3    Int:  8    God:
Gold:   46         SH:  9    Dex: 10    Spells: 3/3 levels left

rFire    . . .     SeeInvis .   a - +1 war axe
rCold    . . .     Faith    .   c - +0 kite shield
rNeg     + . .     Spirit   .   f - +0 plate armour
rPois    ∞         Reflect  .   (no helmet)
rElec    +         Harm     .   (no cloak)
rCorr    .         Rampage  .   (no gloves)
Will     .....                  (no boots)
Stlth    ..........             (no amulet)
HPRegen  0.09/turn              (no ring)
MPRegen  0.09/turn              (no ring)

@: no status effects
A: sickness immunity, AC +3, negative energy resistance 1, electricity
resistance, torment resistance 1, petrification resistance
a: no special abilities


You were on level 3 of the Dungeon.
You visited 1 branch of the dungeon, and saw 3 of its levels.

You collected 46 gold pieces.

Inventory:

Hand Weapons
 a - a +1 war axe (weapon)
Armour
 c - a +0 kite shield (worn)
 f - a +0 plate armour (worn)
Scrolls
 b - a scroll of identify
 g - a scroll of summoning {unknown}
Potions
 d - 3 potions of might
 e - a potion of curing


   Skills:
 + Level 4.1 Fighting
 + Level 2.8 Axes
 + Level 3.8 Armour
 + Level 4.2 Shields


You had 3 spell levels left.
You didn't know any spells.
Your spell library was empty.

Dungeon Overview and Level Annotations

Branches:
Dungeon (3/15)

Altars:
Gozag

Shops:
D:2 *(


Innate Abilities, Weirdness & Mutations

You are immune to sickness and miasma.
Your stone body is resilient. (AC +3)
You are immune to poison.
You resist negative energy. (rN+)
You are resistant to electric shocks. (rElec)
You are resistant to unholy torment.
You are immune to petrification.


Message History

You miss something. You barely miss the rat.
An orc wizard appears from thin air!
Reactivating autopickup.
The orc wizard hits you but does no damage.
You block the rat's attack. You block the orc's attack.
The orc wizard barely misses you.
You closely miss the orc.
The orc is moderately wounded.
You closely miss the orc wizard. You closely miss the rat.
You block the rat's attack. The orc hits you but does no damage.
The orc wizard casts a spell at you.
You are confused.
The rat bites you but does no damage. The orc hits you but does no damage.
Unknown command.
You closely miss the orc wizard.
The orc wizard is heavily wounded.
You barely miss the rat. The rat bites you but does no damage.
The orc wizard points at you and mumbles some strange words.
The magic dart hits you.
* * * LOW HITPOINT WARNING * * *
The rat bites you but does no damage.
You bump into the rock wall.
The orc hits you but does no damage.
The orc wizard points at itself and mumbles some strange words.
The orc wizard flickers and vanishes!
Deactivating autopickup; reactivate with Ctrl-A.
The rat bites you but does no damage.
Unknown command.
Unknown command.
You closely miss the orc.
The orc is moderately wounded.
Your shield prevents you from hitting something.
You miss the rat. The orc hits you but does no damage. Something hits you.
* * * LOW HITPOINT WARNING * * *
The rat bites you but does no damage. The orc hits you but does no damage.
You slash the orc!
You kill the orc!
You miss something. You miss the rat.
You feel less confused. Something hits you but does no damage.
The rat bites you.
You die...

#####.###..##.......+
#####.#....##.......#
..............>.....#
..........#####..
..........#
..........#####
........)..)..#
......r)#####.#
.......@{.....#
.............##
.............#
.............#
.............#
.............#
########.....# .....#


You could see a rat.

Vanquished Creatures
  4 adders
  4 dart slugs
  A worm (D:2)
  3 orcs (D:3)
  4 bats
  6 endoplasms
  2 giant cockroaches
  2 goblins
  10 hobgoblins
  3 jackals (D:1)
  A quokka (D:1)
  3 ball pythons (D:1)
  A frilled lizard (D:1)
  4 kobolds
  9 rats
57 creatures vanquished.

Notes
Turn   | Place    | Note
-------+----------+-------------------------------------------
     0 | D:1      | bande the Gargoyle Fighter began the quest for the Orb.
     0 | D:1      | Reached XP level 1. HP: 14/14 MP: 1/1
    34 | D:1      | Reached XP level 2. HP: 19/19 MP: 2/2
   333 | D:1      | Reached XP level 3. HP: 20/23 MP: 3/3
   474 | D:1      | Found a faded altar of an unknown god.
  1071 | D:2      | Found an opulent altar of Gozag.
  1297 | D:2      | Found Xemumot's Weapon Shoppe.
  1408 | D:2      | Reached XP level 4. HP: 28/28 MP: 4/4
  2081 | D:2      | Found Pezed's General Store.
  2394 | D:3      | Slain by a rat

Illustrated notes

Levels and vault maps discovered:
D:1:      minmay_arrival_radiant_lines, layout_basic,
          shapermc_ecumenical_altar_totnotflames, minivault_14,
          due_unseen_surprise
D:2:      layout_basic, serial_shops, nicolae_shop_behind_doors,
          nicolae_shop_statue_plus, basic_altar
D:3:      layout_basic, kennysheep_generic_room_9

Skill      XL: |  1  2  3  4 |
---------------+-------------+-----
Axes           | 2 |  2.8
Shields        | 4 |  4.2
Fighting       | 4 |  4.1
Armour         | |  3.8

Action                   |  1- 3 |  4- 6 || total
-------------------------+-------+-------++-------
Melee: War axe           |   101 |   109 ||   210
  Use: Potion            |     1 |     2 ||     3
       Scroll            |     5 |       ||     5
Armor: Scale mail        |    18 |       ||    18
       Plate armour      |    63 |   109 ||   172
Dodge: Dodged            |    18 |    15 ||    33
Block: Kite shield       |    58 |    73 ||   131

Table legend: (Time is in decaauts)
 A = Elapsed time spent in this place.
 B = Non-inter-level travel time spent in this place.
 C = Inter-level travel time spent in this place.
 D = Time resting spent in this place.
 E = Time spent auto-exploring this place.
 F = Levels seen in this place.
 G = Mean time per level.
                   A        B        C        D        E       F      G
               +--------+--------+--------+--------+--------+-----+--------+
         Total |   2500 |   2396 |    104 |      0 |   1857 |   3 |  833.3 |
       Dungeon |   2500 |   2396 |    104 |      0 |   1857 |   3 |  833.3 |
               +--------+--------+--------+--------+--------+-----+--------+

Top non-repeatable levels by time:
     D:2: 1230 daAuts
     D:1: 1042 daAuts
     D:3: 227 daAuts
